 Dungeon Crawl Stone Soup version 0.31-a0-339-gda1cbd555d (webtiles) character file.

Game seed: 3533497791394697227

122 Newt the Trooper (level 5, -5/42 HPs)
             Began as a Barachi Fighter on July 20, 2023.
             Slain by a gnoll sergeant
             ... wielding a +2 heavy trident
              (11 damage)
             ... on level 3 of the Dungeon.
             The game lasted 00:02:29 (2271 turns).

Newt the Trooper (Barachi Fighter)                  Turns: 2271, Time: 00:02:30

Health: -5/42      AC:  6    Str: 17    XL:     5   Next: 6%
Magic:  5/5        EV: 10    Int:  9    God:
Gold:   189        SH:  4    Dex: 13    Spells: 4/4 levels left

rFire   . . .        a - +0 long sword
rCold   . . .        c - +0 buckler
rNeg    . . .        b - +0 scale mail
rPois   .            (no helmet)
rElec   .            (no cloak)
rCorr   .            (no gloves)
SInv    .            (no boots)
Will    .....        (no amulet) Stlth
                     (no ring)
HPRegen 0.27/turn    (no ring)
MPRegen 0.09/turn

%: no passive effects
@: mighty, slow
A: amphibious, slowness 1, strong legs 1, +LOS
a: Hop


You were on level 3 of the Dungeon.
You visited 1 branch of the dungeon, and saw 3 of its levels.

You collected 189 gold pieces.

Inventory:

Hand Weapons
 a - a +0 long sword (weapon)
 f - a +1 dagger of speed
Missiles
 k - 4 poisoned darts
Armour
 b - a +0 scale mail (worn)
 c - a +0 buckler (worn)
 e - a scarf of harm
Scrolls
 g - a scroll of immolation
Potions
 h - a potion of attraction
 i - a potion of mutation
 j - 2 potions of heal wounds {unknown}


   Skills:
 - Level 4.0 Fighting
 + Level 3.7 Long Blades
 - Level 3.6 Armour
 - Level 4.0 Dodging
 - Level 3.2 Shields


You had 4 spell levels left.
You didn't know any spells.
Your spell library was empty.

Dungeon Overview and Level Annotations

Branches:
Dungeon (3/15)

Altars:
Ru


Innate Abilities, Weirdness & Mutations

You are amphibious.
You cover ground slowly.
You can hop short distances.
You have an extended range of vision and can be seen from far away.


Message History

Found a robe.
l - a scroll labelled ZUYSMA HYAJO
l - 2 scrolls labelled ZUYSMA HYAJO (gained 1)
You see here a +0 ring mail.
An endoplasm comes into view.
The endoplasm quivers.
A gnoll sergeant and 3 gnolls come into view.
The gnoll sergeant is wielding a +2 heavy trident.
The gnoll sergeant shouts!
The gnoll shouts! x2
The gnoll sergeant hits you from afar with a +2 heavy trident!
The endoplasm hits you but does no damage.
You hit the endoplasm.
You kill the endoplasm!
The gnoll sergeant hits you from afar with a +2 heavy trident!
The gnoll barely misses you.
The gnoll sergeant hits you with a +2 heavy trident!
You block the gnoll's attack.
Unknown command.
The gnoll attacks as you move away! The gnoll barely misses you.
The gnoll attacks as you move away! The gnoll barely misses you.
You block the gnoll's attack. The gnoll attacks as you move away!
The gnoll hits you but does no damage.
As you read the scroll labelled ZUYSMA HYAJO, it crumbles to dust.
It is a scroll of identify.
h - a potion of attraction The gnoll sergeant hits you from afar with a +2 heavy trident!
* * * LOW HITPOINT WARNING * * *
As you read the scroll of identify, it crumbles to dust.
i - a potion of mutation The gnoll sergeant completely misses you.
Found 8 gold pieces.
You feel very mighty all of a sudden. The gnoll sergeant closely misses you.
The gnoll sergeant blocks your attack.
The gnoll sergeant hits you with a +2 heavy trident!
* * * LOW HITPOINT WARNING * * *
You slash the gnoll sergeant!
The gnoll sergeant is moderately wounded.
The gnoll sergeant hits you with a +2 heavy trident!
You die...

♣♣P ~~ ♣~~♣~...# #..
♣~~♣ ♣~ ♣♣......# #..
#~~~♣♣~ #.......# #..
#..$.. #...##### #.>
####.... ###g.### #..
....... #gg..####..
#.... #.#........
#....########.#........
#.....@gggg...##...[...
##...###########.......
....... .....#...##
.####... ####..###.#
..... #..# #.# ......
#..# #.. ##.#### #..#
#### #.# #. #.#


You could see a gnoll sergeant and 3 gnolls.

Vanquished Creatures
  4 gnolls
  4 adders (D:2)
  A worm (D:2)
  3 dart slugs (D:2)
  3 bats
  5 endoplasms
  2 giant cockroaches (D:1)
  A hobgoblin (D:2)
  4 ball pythons
  6 frilled lizards
  3 goblins
  5 kobolds
  3 rats
44 creatures vanquished.

Notes
Turn   | Place    | Note
-------+----------+-------------------------------------------
     0 | D:1      | Newt the Barachi Fighter began the quest for the Orb.
     0 | D:1      | Reached XP level 1. HP: 18/18 MP: 1/1
    52 | D:1      | Reached skill level 1 in Dodging
    52 | D:1      | Reached XP level 2. HP: 7/25 MP: 2/2
   766 | D:2      | Reached XP level 3. HP: 30/30 MP: 3/3
   915 | D:2      | Found a faded altar of an unknown god.
  1008 | D:2      | Reached XP level 4. HP: 17/37 MP: 4/4
  1989 | D:3      | Found a sacrificial altar of Ru.
  1996 | D:3      | Reached XP level 5. HP: 36/42 MP: 5/5
  2271 | D:3      | Slain by a gnoll sergeant

Illustrated notes

Levels and vault maps discovered:
D:1:      dpeg_arrival_tiny_b, layout_basic, minmay_misc_feat_diagonals
D:2:      layout_loops_ring, shapermc_ecumenical_altar_starsandcircs
D:3:      layout_basic, nicolae_ru_awakened_eye, serial_bayou_lake_a

Skill      XL: |  1  2  3  4 |
---------------+-------------+-----
Fighting       | 4 |  4.0
Dodging        | 1 2 3 4 |  4.0
Long Blades    | 3 |  3.7
Armour         | |  3.6
Shields        | |  3.2

Action                     |  1- 3 |  4- 6 || total
---------------------------+-------+-------++-------
  Melee: Long sword        |    86 |    74 ||   160
    Use: Scroll            |     5 |     3 ||     8
         Potion            |       |     3 ||     3
 Armour: Scale mail        |    50 |    28 ||    78
  Dodge: Dodged            |    51 |    50 ||   101
  Block: Buckler           |    18 |    20 ||    38

Table legend: (Time is in decaauts)
 A = Elapsed time spent in this place.
 B = Non-inter-level travel time spent in this place.
 C = Inter-level travel time spent in this place.
 D = Time resting spent in this place.
 E = Time spent auto-exploring this place.
 F = Levels seen in this place.
 G = Mean time per level.
                   A        B        C        D        E       F      G
               +--------+--------+--------+--------+--------+-----+--------+
         Total |   2557 |   2468 |     89 |    695 |   1377 |   3 |  852.3 |
       Dungeon |   2557 |   2468 |     89 |    695 |   1377 |   3 |  852.3 |
               +--------+--------+--------+--------+--------+-----+--------+

Top non-repeatable levels by time:
     D:2: 1372 daAuts
     D:1: 855 daAuts
     D:3: 328 daAuts
